 Dungeon Crawl Stone Soup version 0.31-a0-1-g4198be8af4 (webtiles) character file.

Game seed: 265379210722210835

56 Jeffwins the Magician (level 4, 0/34 HPs)
             Began as a Human Wanderer on Apr 30, 2023.
             Succumbed to an adder's poison
             ... on level 2 of the Dungeon.
             The game lasted 00:02:17 (1190 turns).

Jeffwins the Magician (Human Wanderer)              Turns: 1190, Time: 00:02:17

Health: 0/34       AC:  6    Str:  8 (11) XL:     4   Next: 15%
Magic:  10/10      EV:  9    Int: 14 (16) God:
Gold:   17         SH:  0    Dex:  9 (12) Spells: 8/11 levels left

rFire   . . .        a - +0 dagger
rCold   . . .        (no shield)
rNeg    . . .        c - +0 ring mail
rPois   .            (no helmet)
rElec   .            (no cloak)
rCorr   .            (no gloves)
SInv    .            k - +0 pair of boots
Will    .....        (no amulet)
Stlth   +            (no ring)
HPRegen 0.25/turn    (no ring)
MPRegen 0.12/turn

%: no passive effects
@: lethally poisoned (0 -> -1), attractive
A: no striking features
a: no special abilities


You were on level 2 of the Dungeon.
You visited 1 branch of the dungeon, and saw 2 of its levels.

You collected 17 gold pieces.


   Skills:
 - Level 2.4 Fighting
 + Level 0.0 Throwing
 - Level 1.0 Armour
 - Level 1.0 Dodging
 + Level 1.4 Stealth
 + Level 4.2 Spellcasting
 * Level 1.1 Conjurations
 * Level 1.0 Earth Magic
 - Level 2.3 Poison Magic


You had 8 spell levels left.
You knew the following spells:

 Your Spells              Type           Power      Damage    Failure   Level
z - Stone Arrow           Conj/Erth      10%        3d7       75%         3

Your spell library contained the following spells:

 Spells                   Type           Power      Damage    Failure   Level
 Sandblast                Erth           10%        2d5       36%         1
 Sting                    Tmut/Pois      24%        1d4       36%         1
 Shock                    Conj/Air       16%        1d4       43%         1
 Passwall                 Tmut/Erth      3%         N/A       58%         2
 Spider Form              Tmut/Pois      6%         N/A       73%         3
 Ignite Poison            Fire/Tmut/Pois 5%         N/A       77%         3

Inventory:

Hand Weapons
 a - a +0 dagger (weapon)
Armour
 c - a +0 ring mail (worn)
 f - a +0 leather armour
 k - a +0 pair of boots (worn)
Jewellery
 H - an amulet of faith {!P}
Scrolls
 b - a scroll of blinking
 d - 2 scrolls of identify {unknown}
 e - 3 scrolls of noise {unknown}

Dungeon Overview and Level Annotations

Branches:
Dungeon (2/15)

Altars:
Ru

### #####.#######
...#.......#
##.#@#####.#
#..S.....#+####
#..#.#.........
#(.#.##........
#..#'#......... #
#..............
#.##.............
.................
#.##.............


You could see an adder.


Message History

Press: ? - help, Q - select action Shift-Dir - straight line, f/p - adder
Aim: an adder (moderately wounded, 38% to hit)
You throw a curare-tipped dart {=f}.
The curare-tipped dart {=f} closely misses the adder.
You feel sick. The adder closely misses you.
Unknown command.
Unknown command.
It was a potion of magic.
Magic courses through your body.
You feel sick. The adder bites you but does no damage. The adder bites you.
* * * LOW HITPOINT WARNING * * *
Unknown command.
It was a potion of degeneration.
There was something very wrong with that liquid.
You feel weakened.
You feel dopey.
You feel clumsy.
You feel sick. The adder bites you but does no damage.
Unknown command.
It was a potion of attraction.
You feel attractive to monsters.
You feel sick. The adder bites you.
* * * LOW HITPOINT WARNING * * *
Unknown command.
You barely miss the adder.
The adder is lightly wounded.
You feel sick. The adder bites you.
* * * LOW HITPOINT WARNING * * *
The adder barely misses you.
Unknown command.
You closely miss the adder.
The adder is lightly wounded.
You die...

Skill      XL: |  1  2  3  4 |
---------------+-------------+-----
Stealth        | 1 |  1.4
Conjurations   | 1 |  1.1
Earth Magic    | 1 |  1.0
Fighting       | |  2.4
Armour         | |  1.0
Dodging        | |  1.0
Spellcasting   | |  4.2
Poison Magic   | |  2.3

Action                     |  1- 3 |  4- 6 || total
---------------------------+-------+-------++-------
  Melee: Dagger            |   233 |    30 ||   263
         Punch             |     2 |       ||     2
  Throw: Dart              |       |     4 ||     4
 Invoke: Renounce Religion |     1 |       ||     1
    Use: Potion            |       |     3 ||     3
 Armour: Ring mail         |   130 |    21 ||   151
  Dodge: Dodged            |   136 |    21 ||   157

Levels and vault maps discovered:
D:1:      minmay_arrival_four_loops, layout_rooms,
          dreamdust_ecumenical_altar_angels_and_demons, minmay_vboxes
D:2:      layout_basic, grunt_ministairs_9, kennysheep_generic_room_13

Notes
Turn   | Place    | Note
-------+----------+-------------------------------------------
     0 | D:1      | Jeffwins the Human Wanderer began the quest for the Orb.
     0 | D:1      | Jeffwins set off with the following items: a +0 dagger, a
                  | scroll of blinking, a +0 ring mail; and the following
                  | spells available to memorise: Sting, Shock, Spider Form,
                  | Ignite Poison, Stone Arrow.
     0 | D:1      | Reached XP level 1. HP: 16/16 MP: 5/5
   136 | D:1      | Reached XP level 2. HP: 22/22 MP: 7/7
   216 | D:1      | Reached skill level 1 in Stealth
   326 | D:1      | Found a faded altar of an unknown god.
   336 | D:1      | Prayed at the altar of an unknown god.
   336 | D:1      | Became a worshipper of Ru the Awakened
   337 | D:1      | Fell from the grace of Ru
   413 | D:1      | Reached XP level 3. HP: 26/28 MP: 8/8
   417 | D:1      | Learned a level 3 spell: Stone Arrow
   851 | D:1      | Reached skill level 1 in Conjurations
  1092 | D:2      | Reached XP level 4. HP: 34/34 MP: 10/10
  1165 | D:2      | Reached skill level 1 in Earth Magic
  1189 | D:2      | HP: 3/34 [poisoned by an adder]
  1189 | D:2      | HP: 1/34 [adder (2)]
  1190 | D:2      | Succumbed to an adder's poison

Vanquished Creatures
  2 dart slugs
  2 ball pythons
  2 bats (D:1)
  3 endoplasms (D:1)
  A giant cockroach (D:1)
  6 goblins
  7 hobgoblins (D:1)
  8 jackals (D:1)
  5 kobolds
  A quokka (D:1)
  3 frilled lizards (D:1)
  2 rats (D:1)
42 creatures vanquished.

Table legend: (Time is in decaauts)
 A = Elapsed time spent in this place.
 B = Non-inter-level travel time spent in this place.
 C = Inter-level travel time spent in this place.
 D = Time resting spent in this place.
 E = Time spent auto-exploring this place.
 F = Levels seen in this place.
 G = Mean time per level.
                   A        B        C        D        E       F      G
               +--------+--------+--------+--------+--------+-----+--------+
         Total |   1189 |   1122 |     67 |      0 |    714 |   2 |  594.5 |
       Dungeon |   1189 |   1122 |     67 |      0 |    714 |   2 |  594.5 |
               +--------+--------+--------+--------+--------+-----+--------+

Top non-repeatable levels by time:
     D:1: 1088 daAuts
     D:2: 101 daAuts

Table legend:
 A = Non-vault XP
 B = Vault XP
 C = Vault XP percentage of total XP
 D = Non-vault monster count
 E = Vault monster count
 F = Vault count percentage of total count
                 A         B        C        D         E       F
            +---------+---------+-------+---------+---------+-------
      Total |      72 |       8 |  10.0 |      37 |       5 |  11.9
            +---------+---------+-------+---------+---------+-------
        D:1 |      59 |       8 |  11.9 |      31 |       5 |  13.9
        D:2 |      13 |       0 |   0.0 |       6 |       0 |   0.0
            +---------+---------+-------+---------+---------+-------
